 Dungeon Crawl Stone Soup version 0.28-a0-895-g6e5f11bd55 (webtiles) character file.

Game seed: 10740450986622439139

125 Twinkles the Chopper (level 5, -2/43 HPs)
             Began as a Human Berserker on Nov 23, 2021.
             Was a Follower of Trog.
             Slain by Grinder (3 damage)
             ... while paralysed by Grinder
             ... on level 3 of the Dungeon.
             The game lasted 00:09:07 (2845 turns).

Twinkles the Chopper (Human Berserker)              Turns: 2845, Time: 00:09:07

Health: -2/43      AC:  9    Str: 19    XL:     5   Next: 30%
Magic:  5/5        EV:  2    Int:  7    God:    Trog [*.....]
Gold:   22         SH:  0    Dex: 12    Spells: 4/4 levels left

rFire   . . .      SeeInvis .   a - +0 hand axe
rCold   . . .      Faith    .   (no shield)
rNeg    . . .      Spirit   .   n - +0 chain mail
rPois   .          Reflect  .   (no helmet)
rElec   .          Harm     .   (no cloak)
rCorr   .          Rampage  .   (no gloves)
Will    ++...                   f - +0 pair of boots
Stlth   ..........              (no amulet)
HPRegen 1.14/turn               (no ring)
MPRegen 0.09/turn               (no ring)

@: paralysed, strong-willed, on berserk cooldown, regenerating, slowed
A: no striking features
a: Renounce Religion, Berserk


You were on level 3 of the Dungeon.
You worshipped Trog.
Trog was aware of your devotion.
You visited 1 branch of the dungeon, and saw 3 of its levels.

You collected 22 gold pieces.

Inventory:

Hand Weapons
 a - a +0 hand axe (weapon)
 b - a +0 hunting sling
Missiles
 s - 102 stones (quivered)
Armour
 f - a +0 pair of boots (worn)
 k - a +0 animal skin
 m - a +0 ring mail
 n - a +0 chain mail (worn)
Wands
 q - a wand of flame (14)
Scrolls
 c - 2 scrolls of enchant armour {unknown}
 d - 3 scrolls of teleportation {unknown}
 e - a scroll of immolation {unknown}
 h - a scroll of identify {unknown}
 i - a scroll of magic mapping {unknown}
 j - a scroll of amnesia {unknown}
Potions
 g - a potion of brilliance {unknown}
 l - a potion of mutation {unknown}
 o - a potion of heal wounds {unknown}


   Skills:
 + Level 4.4 Fighting
 + Level 4.4 Axes
 - Level 2.0 Armour
 - Level 2.0 Dodging


You had 4 spell levels left.
You didn't know any spells.
Your spell library was empty.

Dungeon Overview and Level Annotations

Branches:
Dungeon (3/15)

Altars:

Shops:
D:1 (

Annotations:
D:3 Grinder


Message History

A red film seems to cover your vision as you go berserk!
You feel yourself moving faster!
You feel mighty!
You can no longer call upon Trog for regeneration and willpower.
Grinder hits you but does no damage.
You slash Grinder!
Grinder is moderately wounded.
Grinder hits you.
You writhe in agony.
You closely miss Grinder.
Grinder is moderately wounded.
Grinder hits you.
You writhe in agony.
You slash Grinder!
Grinder is heavily wounded.
You slash Grinder!
Grinder is almost dead.
Grinder hits you.
You slash Grinder!
Grinder is almost dead.
Grinder says, "Wait up."
Grinder blinks!
Unknown command.
You feel a strong urge to attack something.
Grinder gestures at you. You resist with almost no effort.
You feel your anger nearly subside.
You are no longer berserk.
You are exhausted.
You feel yourself slow down. Grinder hits you!
You barely miss Grinder.
Grinder is almost dead.
Grinder gestures at you.
You suddenly lose the ability to move!
Grinder hits you.
You writhe in agony.
Grinder hits you.
You writhe in agony.
Grinder hits you but does no damage. Grinder hits you.
You writhe in agony.
* * * LOW HITPOINT WARNING * * *
Grinder hits you!
* * * LOW HITPOINT WARNING * * *
You writhe in agony.
You die...

..# #.## #..# #.
#.# #..# #.†# #.
..# ##.####..###. #
#.# #...........
#.#.# #..###......
#.#.####..###..###.
#..............# ##
###.###.(.####.#
##@..##.#......#
.###.5...#)..######
....$.......##
.###.....#..#
##...##.## ##.###.#
#.. ..# #####.# #.#


You could see Grinder.

Vanquished Creatures
  A jelly (D:3)
  Terence (D:3)
  2 adders
  A worm (D:2)
  7 bats
  4 endoplasms
  4 hobgoblins
  4 jackals (D:3)
  6 kobolds
  A quokka (D:2)
  6 ball pythons (D:1)
  2 frilled lizards
  8 goblins
  3 rats
50 creatures vanquished.

Vanquished Creatures (others)
  2 plants (D:3)
2 creatures vanquished.

Grand Total: 52 creatures vanquished

Notes
Turn   | Place    | Note
-------+----------+-------------------------------------------
     0 | D:1      | Twinkles the Human Berserker began the quest for the Orb.
     0 | D:1      | Reached XP level 1. HP: 18/18 MP: 1/1
   241 | D:1      | Reached XP level 2. HP: 22/24 MP: 2/2
   615 | D:1      | Found Kaazewie's Antique Weapon Shoppe.
   772 | D:1      | Reached XP level 3. HP: 26/29 MP: 3/3
  1356 | D:2      | Reached ** piety under Trog
  1960 | D:2      | Reached XP level 4. HP: 27/37 MP: 4/4
  2215 | D:3      | HP: 15/55 [acid (9)]
  2490 | D:3      | Found a faded altar of an unknown god.
  2589 | D:3      | Noticed Terence
  2597 | D:3      | Killed Terence
  2598 | D:3      | Reached XP level 5. HP: 43/43 MP: 5/5
  2813 | D:3      | Noticed Grinder
  2814 | D:3      | Paralysed by Grinder for 7 turns
  2840 | D:3      | Paralysed by Grinder for 6 turns
  2844 | D:3      | HP: 8/43 [Grinder (5)]
  2845 | D:3      | HP: 1/43 [Grinder (8)]
  2845 | D:3      | Slain by Grinder

Illustrated notes

Levels and vault maps discovered:
D:1:      lightli_arrival_chessboard, layout_loops_cross, serial_shops, shop
D:2:      layout_basic, serial_curves, eino_curves_02, eino_curves_03,
          minmay_fountain_box, hex_large
D:3:      layout_loops_ring, serial_bayou, serial_bayou_ford_a,
          serial_bayou_shore_a, serial_bayou_lagoon_a, serial_bayou_shore_b,
          serial_bayou_pond_d, hellmonk_ecumenical_altar_dog_temple,
          uniq_sigmund, uniq_terence, uniq_robin, uniq_ijyb, uniq_grinder

Skill      XL: |  1  2  3  4 |
---------------+-------------+-----
Fighting       | 4 |  4.4
Axes           | 4 |  4.4
Armour         | |  2.0
Dodging        | |  2.0

Action                   |  1- 3 |  4- 6 || total
-------------------------+-------+-------++-------
Melee: Hand axe          |   108 |    67 ||   175
Invok: Berserk           |       |     3 ||     3
       Trog's Hand       |       |     2 ||     2
 Stab: Sleeping          |     1 |       ||     1
Armor: Animal skin       |    25 |       ||    25
       Ring mail         |     2 |    13 ||    15
       Chain mail        |       |    10 ||    10
Dodge: Dodged            |    73 |    43 ||   116

Table legend: (Time is in decaauts)
 A = Elapsed time spent in this place.
 B = Non-inter-level travel time spent in this place.
 C = Inter-level travel time spent in this place.
 D = Time resting spent in this place.
 E = Time spent auto-exploring this place.
 F = Levels seen in this place.
 G = Mean time per level.
                   A        B        C        D        E       F      G
               +--------+--------+--------+--------+--------+-----+--------+
         Total |   2880 |   2674 |    206 |    225 |   1914 |   3 |  960.0 |
       Dungeon |   2880 |   2674 |    206 |    225 |   1914 |   3 |  960.0 |
               +--------+--------+--------+--------+--------+-----+--------+

Top non-repeatable levels by time:
     D:2: 1341 daAuts
     D:1: 962 daAuts
     D:3: 576 daAuts
